 Dungeon Crawl Stone Soup version 0.22-a0-596-gfbd32a6 (webtiles) character file.

1341 royokou the Geomancer (level 8, -13/41 HPs)
             Began as a Gargoyle Earth Elementalist on July 5, 2018.
             Mangled by a two-headed ogre
             ... wielding a +0 giant spiked club
              (24 damage)
             ... on level 9 of the Dungeon.
             The game lasted 00:32:04 (5650 turns).

royokou the Geomancer (Gargoyle Earth Elementalist) Turns: 5650, Time: 00:32:05

Health: -13/41     AC: 11    Str: 12    XL:     8   Next: 62%
Magic:  4/16       EV: 12    Int: 18    God:
Gold:   428        SH:  3    Dex: 15    Spells: 3/18 levels left

rFire    . . .     SeeInvis .   a - +2 dire flail (holy)
rCold    . . .     Gourm    .   (shield currently unavailable)
rNeg     + . .     Faith    .   I - +0 leather armour
rPois    ∞         Spirit   .   t - +2 helmet
rElec    +         Reflect  +   (no cloak)
rCorr    .         Harm     .   (no gloves)
MR       .....                  (no boots)
Stlth    ++........             j - +3 amulet of reflection
HPRegen  0.13/turn              k - ring of wizardry
MPRegen  0.15/turn              C - +5 ring of dexterity

@: no status effects
A: negative energy resistance 1, electricity resistance, unbreathing,
petrification resistance, rot immunity, AC +5
a: no special abilities


You were on level 9 of the Dungeon.
You were very hungry.

You visited 1 branch of the dungeon, and saw 7 of its levels.

You collected 428 gold pieces.

Inventory:

Hand Weapons
 a - a +2 dire flail of holy wrath (weapon)
 b - a +0 hunting sling
 c - a +0 great mace
Missiles
 q - 54 sling bullets
 u - 175 stones (quivered)
Armour
 e - a +2 buckler
 m - a cursed +0 ring mail
 r - a cursed -1 chain mail
 t - a +2 helmet (worn)
 H - a +0 scale mail
 I - a +0 leather armour (worn)
Jewellery
 j - a +3 amulet of reflection (around neck)
 k - a ring of wizardry (left hand)
 y - an uncursed ring of resist corrosion
 A - an uncursed amulet of faith
 C - a +5 ring of dexterity (right hand)
Wands
 g - a wand of enslavement (16)
Scrolls
 i - 2 scrolls of remove curse
 n - a scroll of identify
 w - a scroll of teleportation
 E - a scroll of magic mapping
Potions
 f - 2 potions of curing
 h - a potion of brilliance
 l - 2 potions of heal wounds
 o - 2 potions of berserk rage
 p - a potion of flight
 s - 2 potions of ambrosia
 v - 4 potions of might
 x - a potion of lignification {unknown}
 z - 4 potions of haste
 B - 3 potions of magic
 D - a potion of degeneration {unknown}
Comestibles
 d - 14 rations


   Skills:
 - Level 1.7 Dodging
 - Level 2.4 Stealth
 - Level 5.7 Spellcasting
 + Level 3.5 Conjurations
 + Level 2.2 Transmutations
 + Level 9.0 Earth Magic


You had 3 spell levels left.
You knew the following spells:

 Your Spells              Type           Power        Failure   Level  Hunger
a - Sandblast             Erth           #####.       1%          1    None
b - Passwall              Tmut/Erth      ####....     1%          2    None
c - Stone Arrow           Conj/Erth      ####..       1%          3    ##.....
d - Lee's Rapid Deconstr  Erth           #####.....   4%          5    #####..
e - Petrify               Tmut/Erth      ####....     6%          4    ####...

Your spell library contained the following spells:

 Spells                   Type           Power        Failure   Level  Hunger
 Animate Dead             Necr           N/A          50%         4    ####...
 Pain                     Necr           #...         6%          1    None
 Animate Skeleton         Necr           N/A          6%          1    None
 Vampiric Draining        Necr           #.........   19%         3    ##.....
 Regeneration             Chrm/Necr      #.........   19%         3    ##.....


Dungeon Overview and Level Annotations

Branches:
Dungeon (6/15)
 Temple: D:4-7

Altars:
Cheibriados

Annotations:
D:6 2 runed doors, kinenseiburu's ghost, novice HuWn


Innate Abilities, Weirdness & Mutations

You are resistant to torment.
Your stone body is resilient. (AC +5)
You are immune to poison.
You resist negative energy. (rN+)
You are resistant to electric shocks. (rElec)
You can survive without breathing.
You are immune to petrification.
You are immune to rotting.


Message History

Aiming: Stone Arrow (safe; 1% risk of failure)
Press: ? - help, Shift-Dir - straight line, f/p - two-headed ogre
Aim: a two-headed ogre, wielding two giant spiked clubs (moderately wounded)
The stone arrow hits the two-headed ogre.
The two-headed ogre is heavily wounded.
The two-headed ogre hits you with a giant spiked club!!
Ouch! That really hurt!
* * * LOW HITPOINT WARNING * * *
The two-headed ogre hits you with a giant spiked club.
* * * LOW HITPOINT WARNING * * *
Casting: Stone Arrow (safe; 1% risk of failure)
Confirm with . or Enter, or press ? or * to list all spells.
Aiming: Stone Arrow (safe; 1% risk of failure)
Press: ? - help, Shift-Dir - straight line, f/p - two-headed ogre
Aim: a two-headed ogre, wielding two giant spiked clubs (heavily wounded)
The stone arrow hits the two-headed ogre.
The two-headed ogre is severely wounded.
The two-headed ogre hits you with a giant spiked club!!
Ouch! That really hurt!
You die...

#.......#[....
#..###..#(.#####
#..# ##.'......#
##.# #.#..###.#
##. ##.#..# #.#
###..#..# #.#
[.......#..# #.#
###.#####..# #.#
# ...# #@# ...#
#O# #..## #.#
#.# ... #.# #.#
#.#


You could see a two-headed ogre.

Vanquished Creatures
  A troll (D:9)
  Edmund (D:4)
  An ice beast (D:5)
  An ogre (D:5)
  A phantom (D:4)
  A scorpion (D:4)
  A crimson imp (D:5)
  2 bullfrog zombies
  2 hounds
  2 jellies (D:5)
  An orc priest (D:5)
  An orc wizard (D:4)
  An iguana (D:6)
  7 worker ants
  A hound zombie (D:5)
  3 gnolls (D:6)
  2 adders
  2 shadow imps (D:5)
  An adder zombie (D:6)
  4 worms
  2 dart slugs (D:3)
  6 leopard geckos
  12 orcs
  8 bats
  7 giant cockroaches
  10 goblins
  7 hobgoblins
  11 jackals
  14 kobolds
  2 quokkas
  4 frilled lizards
  2 leopard gecko skeletons (D:5)
  A quokka skeleton (D:4)
  6 rats
128 creatures vanquished.

Notes
Turn   | Place    | Note
-------+----------+-------------------------------------------
     0 | D:1      | royokou the Gargoyle Earth Elementalist began the quest for the Orb.
     0 | D:1      | Reached XP level 1. HP: 10/10 MP: 3/3
   113 | D:1      | Reached XP level 2. HP: 12/15 MP: 3/5
   122 | D:1      | Reached skill level 4 in Earth Magic
   267 | D:1      | Learned a level 2 spell: Passwall
   383 | D:1      | Reached XP level 3. HP: 19/19 MP: 4/6
   956 | D:2      | Learned a level 3 spell: Stone Arrow
  1308 | D:2      | Reached XP level 4. HP: 24/24 MP: 6/8
  1714 | D:3      | Reached skill level 5 in Earth Magic
  2238 | D:3      | Reached XP level 5. HP: 24/28 MP: 10/10
  2532 | D:4      | Found a snail-covered altar of Cheibriados.
  2533 | D:4      | Noticed a phantom
  2561 | D:4      | Killed a phantom
  2802 | D:4      | Reached skill level 6 in Earth Magic
  2802 | D:4      | Reached XP level 6. HP: 23/32 MP: 9/12
  2833 | D:4      | Learned a level 5 spell: Lee's Rapid Deconstruction
  3957 | D:5      | Entered Level 5 of the Dungeon
  3957 | D:5      | Noticed Edmund
  3974 | D:5      | Reached XP level 7. HP: 36/36 MP: 5/14
  4028 | D:4      | Killed Edmund
  4028 | D:4      | Reached skill level 5 in Spellcasting
  4028 | D:4      | Reached skill level 7 in Earth Magic
  4187 | D:5      | Reached skill level 8 in Earth Magic
  4317 | D:5      | Learned a level 4 spell: Petrify
  4596 | D:5      | Reached skill level 1 in Conjurations
  4596 | D:5      | Reached XP level 8. HP: 41/41 MP: 6/16
  4743 | D:5      | Reached skill level 1 in Transmutations
  5226 | D:6      | Found a runed door.
  5227 | D:6      | Noticed kinenseiburu's ghost (novice HuWn)
  5517 | D:6      | Found a runed door.
  5561 | D:6      | You fall through a shaft for 3 floors!
  5561 | D:9      | Noticed a troll
  5564 | D:9      | Killed a troll
  5564 | D:9      | Reached skill level 9 in Earth Magic
  5643 | D:9      | Noticed a two-headed ogre
  5650 | D:9      | Mangled by a two-headed ogre

Vault maps used:
D:1:      saegor_arrival_simple_a, serial_glass, glass_columns_b,
          glass_columns_b, glass_columns_b, glass_columns_a, glass_columns_b,
          glass_columns_c, glass_columns_c, glass_columns_a, glass_columns_c,
          glass_columns_b, glass_columns_a, glass_columns_c, glass_columns_a,
          glass_columns_a
D:3:      kennysheep_generic_room_4
D:4:      lemuel_crystal_altar, first_ration
D:5:      grunt_ministairs_14, minmay_misc_feat_plants,
          minmay_misc_feat_encased, uniq_edmund
D:6:      lemuel_temple_firewalk_a, ebering_ghost_sewer_f
D:9:      minmay_the_grid_plus_closed, serial_shops, shop,
          hangedman_pestilent_swarm, uniq_maurice

Skill      XL: |  1  2  3  4  5  6  7  8 |
---------------+-------------------------+-----
Earth Magic    | 4 5 6 8 9 |  9.0
Spellcasting   | 3 4 5 |  5.7
Conjurations   | 1 3 |  3.5
Transmutations | 2 |  2.2
Dodging        | |  1.7
Stealth        | |  2.4

Action                   |  1- 3 |  4- 6 |  7- 9 || total
-------------------------+-------+-------+-------++-------
Melee: Unarmed           |    10 |       |       ||    10
       Club              |    21 |       |       ||    21
       Whip              |    57 |   170 |       ||   227
       Flail             |       |    25 |       ||    25
       Dire flail        |       |       |    55 ||    55
 Fire: Hunting sling     |       |       |     3 ||     3
 Cast: Sandblast         |    32 |    46 |    14 ||    92
       Stone Arrow       |       |     2 |    36 ||    38
       Lee's Rapid Decon |       |       |     1 ||     1
  Use: Scroll            |     5 |     6 |     6 ||    17
 Stab: Sleeping          |     4 |     6 |       ||    10
  Eat: Chunk             |     1 |     7 |     5 ||    13
       Ration            |       |     1 |       ||     1
Armor: Robe              |    41 |    11 |       ||    52
       Leather armour    |       |    59 |    38 ||    97
Dodge: Dodged            |    58 |    90 |    45 ||   193
Block: Buckler           |    23 |    45 |     2 ||    70
       Other             |       |       |     7 ||     7

Table legend:
 A = Spawn XP
 B = Non-spawn XP
 C = Spawn XP percentage of total XP
 D = Spawn monster count
 E = Non-spawn monster count
 F = Spawn count percentage of total count
 G = Total turns spent on level
                    A         B        C        D         E        F      G
               +---------+---------+-------+---------+---------+-------+---------
         Total |       0 |    1916 |   0.0 |       0 |     128 |   0.0 |  5650
               +---------+---------+-------+---------+---------+-------+---------
           D:1 |       0 |      53 |   0.0 |       0 |      29 |   0.0 |   947
           D:2 |       0 |      62 |   0.0 |       0 |      25 |   0.0 |   678
           D:3 |       0 |      56 |   0.0 |       0 |      25 |   0.0 |   701
           D:4 |       0 |     615 |   0.0 |       0 |      18 |   0.0 |  1728
           D:5 |       0 |     612 |   0.0 |       0 |      20 |   0.0 |   849
           D:6 |       0 |     206 |   0.0 |       0 |      10 |   0.0 |   658
           D:9 |       0 |     312 |   0.0 |       0 |       1 |   0.0 |    89
               +---------+---------+-------+---------+---------+-------+---------
